 Dungeon Crawl Stone Soup version 0.31-a0-175-g9f7f995f2b (webtiles) character file.

Game seed: 11195403014756685903

2549 AvylaarBelgium the Destroyer (level 9, -2/47 HPs)
             Began as a Deep Elf Fire Elementalist on May 22, 2023.
             Was a Believer of Vehumet.
             Slain by Maggie
             ... wielding a +0 long sword
              (4 damage)
             ... on level 7 of the Dungeon on June 17, 2023.
             The game lasted 00:28:39 (5124 turns).

AvylaarBelgium the Destroyer (DEFE)                 Turns: 5124, Time: 00:28:42

Health: -2/47      AC:  3    Str:  5    XL:     9   Next: 30%
Magic:  16/23      EV: 13    Int: 25    God:    Vehumet [**....]
Gold:   292        SH:  0    Dex: 21    Spells: 15/25 levels left

rFire   . . .        c - +4 dagger (protect)
rCold   + . .        (no shield)
rNeg    . . .        a - +0 robe
rPois   .            (no helmet)
rElec   .            g - scarf {repulsion}
rCorr   .            (no gloves)
SInv    .            d - +0 pair of boots
Will    .....        t - amulet of faith
Stlth   +++          o - ring of protection from cold
HPRegen 0.27/turn    D - +6 ring of dexterity
MPRegen 0.18/turn

%: repel missiles, faith
@: mesmerised, very slightly contaminated, hasted, very quick
A: no striking features
a: Renounce Religion


You were on level 7 of the Dungeon.
You worshipped Vehumet.
Vehumet was pleased with you.
You visited 2 branches of the dungeon, and saw 8 of its levels.

You collected 292 gold pieces.

Inventory:

Hand Weapons
 c - a +4 dagger of protection (weapon)
 f - a +0 hand axe
 p - a +1 dagger of holy wrath
 x - a +1 dagger of electrocution
 C - a +1 sling of flaming
 G - a +2 spear of venom
Missiles
 E - 4 poisoned darts
Armour
 a - a +0 robe (worn)
 d - a +0 pair of boots (worn)
 g - a scarf of repulsion (worn)
 k - +0 steam dragon scales
 n - a +0 pair of boots
 H - a +0 leather armour
Magical Staves
 s - a staff of earth
Jewellery
 o - a ring of protection from cold (left hand)
 t - an amulet of faith (around neck)
 A - a ring of protection from cold
 D - a +6 ring of dexterity (right hand)
Scrolls
 e - a scroll of fog
 i - a scroll of immolation {unknown}
 l - 2 scrolls of noise
 m - 3 scrolls of enchant weapon {unknown}
 q - a scroll of poison {unknown}
 u - 6 scrolls of teleportation {unknown}
 v - 2 scrolls of enchant armour {unknown}
 y - 5 scrolls of blinking {unknown}
 I - a scroll of amnesia
Potions
 b - 3 potions of magic
 j - a potion of brilliance
 r - 2 potions of enlightenment {unknown}
 w - 2 potions of mutation {unknown}
 z - 2 potions of cancellation {unknown}
 B - a potion of curing {unknown}
 F - a potion of lignification {unknown}


   Skills:
 * Level 1.1 Fighting
 + Level 3.0 Dodging
 - Level 2.7 Stealth
 + Level 8.7 Spellcasting
 + Level 9.1 Conjurations
 + Level 8.1 Fire Magic


You had 15 spell levels left.
You knew the following spells:

 Your Spells              Type           Power      Damage    Failure   Level
a - Foxfire               Conj/Fire      100%       2x1d9     1%          1
b - Scorch                Fire           100%       2d9       1%          2
c - Flame Wave            Conj/Fire      52%        2d13      1%          4
d - Volatile Blastmotes   Fire/Tloc      62%        2d15      3%          3

Your spell library contained the following spells:

 Spells                   Type           Power      Damage    Failure   Level
 Magic Dart               Conj           100%       1d8       1%          1
 Inner Flame              Hex/Fire       31%        N/A       3%          3
 Sting                    Tmut/Pois      40%        1d5       5%          1
 Ensorcelled Hibernation  Hex/Ice        20%        N/A       9%          2
 Poisonous Vapours        Pois/Air       20%        N/A       9%          2
 Spider Form              Tmut/Pois      10%        N/A       17%         3
 Anguish                  Hex/Necr       5%         N/A       50%         4
 Olgreb's Toxic Radiance  Pois           10%        N/A       50%         4


Dungeon Overview and Level Annotations

Branches:
Dungeon (7/15)             Temple (1/1) D:5

Altars:
Elyvilon
Fedhas
Makhleb
Nemelex Xobeh
Okawaru
Sif Muna
Trog
Uskayaw
Vehumet
Wu Jian
Yredelemnul
Zin

Annotations:
D:7 Joseph, Maggie


Message History

The arrow completely misses you. The sleepcap releases spores at you.
* * * LOW HITPOINT WARNING * * *
You are engulfed in a cloud of soporific spores!
You fall asleep.
Maggie hits you but does no damage.
The centaur shoots an arrow.
The arrow is repelled.
The sleepcap releases spores at you.
You wake up.
* * * LOW HITPOINT WARNING * * *
You are engulfed in a cloud of soporific spores!
You are unaffected.
Maggie closely misses you.
The centaur shoots an arrow.
The arrow misses you.
Casting: Flame Wave (dangerous; 1% risk of failure)
Confirm with . or Enter, or press ? or * to list all spells.
Casting: Flame Wave (dangerous; 1% risk of failure)
Press: ? - help, Dir - look around, f - activate You miscast Flame Wave.
You are very lightly contaminated with residual magic.
Nothing appears to happen.
Okay, then.
Okay, then.
Casting: Flame Wave (dangerous; 1% risk of failure)
Confirm with . or Enter, or press ? or * to list all spells.
Okay, then.
Unknown command.
You aren't carrying any items that you can evoke.
Casting: Flame Wave (dangerous; 1% risk of failure)
Confirm with . or Enter, or press ? or * to list all spells.
Casting: Flame Wave (dangerous; 1% risk of failure)
Press: ? - help, Dir - look around, f - activate A wave of flame ripples out!
The flame wave engulfs Maggie.
Maggie is lightly wounded.
The flame wave engulfs the sleepcap!
You destroy the sleepcap!
Vehumet accepts your kill.
You feel your power returning. (Press . to intensify the flame waves.)
You hear a shout!
The centaur shoots an arrow.
The arrow is repelled.
Maggie hits you with a +0 long sword.
You die...

... .. .. .#
#### ..#
....######§.####
.....§§§#§§.....
.....§§§@§§.....
.....§§@#§#.....
.....§§§)c# ...
#######>.## .
...# ....#
...... ....##..
....$ .!


You could see Maggie (mesmerising) and a centaur.

Vanquished Creatures
  A steam dragon (D:5)
  Menkaure (D:6)
  2 water moccasins (D:5)
  2 ice beasts
  2 black bears
  A centaur (D:5)
  An ogre (D:5)
  3 phantoms
  A kobold brigand (D:5)
  3 bullfrogs
  5 scorpions
  A howler monkey (D:5)
  2 jellies (D:5)
  3 gnoll boudas
  An orc priest (D:4)
  2 hounds
  A sleepcap (D:7)
  6 iguanas
  2 orc wizards (D:4)
  8 gnolls
  7 adders
  2 white imps
  2 ufetubi (D:5)
  2 worms
  A dart slug (D:2)
  18 orcs
  8 endoplasms
  4 giant cockroaches
  6 goblins
  4 hobgoblins
  10 jackals
  15 kobolds
  2 quokkas
  11 ball pythons
  5 bats
  4 frilled lizards
  3 rats
152 creatures vanquished.

Vanquished Creatures (others)
  A bullfrog (D:7)
  372 foxfires
373 creatures vanquished.

Grand Total: 525 creatures vanquished

Notes
Turn   | Place    | Note
-------+----------+-------------------------------------------
     0 | D:1      | AvylaarBelgium the Deep Elf Fire Elementalist began the
                  | quest for the Orb.
     0 | D:1      | Reached XP level 1. HP: 10/10 MP: 6/6
   129 | D:1      | Reached XP level 2. HP: 15/15 MP: 2/8
   487 | D:1      | Reached skill level 2 in Conjurations
   553 | D:1      | Reached XP level 3. HP: 12/19 MP: 0/9
  1401 | D:3      | Reached XP level 4. HP: 22/24 MP: 8/11
  1405 | D:3      | Reached skill level 3 in Conjurations
  2201 | D:4      | Reached XP level 5. HP: 28/28 MP: 7/13
  2270 | D:4      | Reached skill level 4 in Conjurations
  2775 | D:4      | Noticed a black bear
  2786 | D:4      | Learned a level 2 spell: Scorch
  2895 | D:4      | Killed a black bear
  2896 | D:4      | Reached XP level 6. HP: 32/32 MP: 8/15
  2980 | D:4      | Reached skill level 5 in Spellcasting
  3021 | D:4      | Reached skill level 5 in Conjurations
  3021 | D:4      | Reached skill level 5 in Fire Magic
  3115 | D:5      | Entered Level 5 of the Dungeon
  3160 | D:5      | Reached XP level 7. HP: 31/36 MP: 1/17
  3213 | D:5      | Found a staircase to the Ecumenical Temple.
  3220 | Temple   | Entered the Ecumenical Temple
  3251 | Temple   | Became a worshipper of Vehumet
  3288 | D:5      | Reached skill level 6 in Conjurations
  3735 | D:5      | Noticed a steam dragon
  3758 | D:5      | Reached skill level 7 in Conjurations
  3790 | D:5      | Reached XP level 8. HP: 30/41 MP: 16/20
  3899 | D:5      | Upgraded the game from 0.31-a0-60-g62046a28e0 to
                  | 0.31-a0-175-g9f7f995f2b
  3992 | D:5      | Reached skill level 8 in Conjurations
  3992 | D:5      | Found a sparkling altar of Nemelex Xobeh.
  4109 | D:5      | Learned a level 4 spell: Flame Wave
  4131 | D:5      | Reached * piety under Vehumet
  4131 | D:5      | Offered knowledge of Kiss of Death by Vehumet.
  4540 | D:6      | Noticed Menkaure
  4546 | D:6      | Killed Menkaure
  4547 | D:6      | Reached XP level 9. HP: 32/45 MP: 11/23
  4578 | D:6      | Reached skill level 9 in Conjurations
  5022 | D:7      | Noticed Joseph
  5098 | D:7      | Reached ** piety under Vehumet
  5098 | D:7      | Offered knowledge of Magic Dart by Vehumet.
  5105 | D:7      | Learned a level 3 spell: Volatile Blastmotes
  5108 | D:7      | Reached skill level 1 in Fighting
  5114 | D:7      | Noticed Maggie
  5122 | D:7      | HP: 1/47 [sleepcap (5)]
  5124 | D:7      | Slain by Maggie

Illustrated notes

Levels and vault maps discovered:
D:1:      lemuel_arrival_rhombus, layout_basic, minmay_crystal_room,
          minmay_pentomino_v2
D:2:      layout_rooms, serial_glass, glass_columns_a, glass_columns_a
D:3:      layout_loops_ring, nicolae_overflow_hidden_temple
D:4:      layout_loops_corners
D:5:      minmay_octagon_keep, layout_loops_ring, amcnicky_altar_gilded,
          minmay_temple_entry_wispy
D:6:      layout_gridville, kennysheep_big_empty_room, uniq_menkaure
D:7:      layout_rooms, grunt_dithmenos_smoke, kennysheep_slug_shrine,
          serial_shops, nicolae_shop_dealshenge, uniq_maggie, uniq_joseph,
          uniq_crazy_yiuf_cottage
Temple:   minmay_temple_bridge_abc

Skill      XL: |  1  2  3  4  5  6  7  8  9 |
---------------+----------------------------+-----
Conjurations   | 2 3 4 5 7 8 9 |  9.1
Fire Magic     | 4 5 6 7 8 |  8.1
Spellcasting   | 4 5 6 8 |  8.7
Fighting       | 1 |  1.1
Dodging        | 3 |  3.0
Stealth        | |  2.7

Action                     |  1- 3 |  4- 6 |  7- 9 || total
---------------------------+-------+-------+-------++-------
  Melee: Unarmed           |     1 |       |       ||     1
         Punch             |     1 |       |       ||     1
         Hand axe          |    28 |       |       ||    28
         Dagger            |       |    18 |    14 ||    32
   Cast: Foxfire           |    84 |   105 |    82 ||   271
         Scorch            |       |     2 |    46 ||    48
         Flame Wave        |       |       |    12 ||    12
         Volatile Blastmot |       |       |     1 ||     1
    Use: Scroll            |       |     5 |     3 ||     8
         Potion            |       |       |     8 ||     8
   Stab: Sleeping          |       |     2 |     1 ||     3
 Armour: Robe              |    14 |     4 |    21 ||    39
  Dodge: Dodged            |    67 |    16 |   120 ||   203
         Repelled          |       |       |     3 ||     3

Table legend: (Time is in decaauts)
 A = Elapsed time spent in this place.
 B = Non-inter-level travel time spent in this place.
 C = Inter-level travel time spent in this place.
 D = Time resting spent in this place.
 E = Time spent auto-exploring this place.
 F = Levels seen in this place.
 G = Mean time per level.
                   A        B        C        D        E       F      G
               +--------+--------+--------+--------+--------+-----+--------+
         Total |   5125 |   4881 |    244 |    427 |   3133 |   8 |  640.6 |
       Dungeon |   5074 |   4830 |    244 |    427 |   3114 |   7 |  724.9 |
        Temple |     50 |     50 |      0 |      0 |     19 |   1 |   50.0 |
               +--------+--------+--------+--------+--------+-----+--------+

Top non-repeatable levels by time:
     D:4: 1110 daAuts
     D:5: 1105 daAuts
     D:1: 932 daAuts
     D:6: 819 daAuts
     D:3: 651 daAuts
     D:2: 424 daAuts
  Temple: 50 daAuts
     D:7: 30 daAuts
